 Dungeon Crawl Stone Soup version 0.28.0-45-g0d030f2227 (webtiles) character file.

Game seed: 12711915111487258424

33756 McKennaii the Devastator (level 13, -6/100 HPs)
             Began as a Demonspawn Conjurer on Apr 12, 2022.
             Was an Elder of Sif Muna.
             Mangled by a komodo dragon (15 damage)
             ... on level 3 of the Lair of Beasts.
             The game lasted 00:30:44 (22562 turns).

McKennaii the Devastator (Demonspawn Conjurer)     Turns: 22562, Time: 00:30:44

Health: -6/100     AC: 16    Str: 12    XL:     13   Next: 38%
Magic:  3/31       EV: 11    Int: 27    God:    Sif Muna [****..]
Gold:   744        SH:  4    Dex: 22    Spells: 28/40 levels left

rFire   + + .      SeeInvis +   q - +4 spear "Spiderslayer" {vamp, rElec rC- Dex+7 SInv}
rCold   x . .      Faith    .   (no shield)
rNeg    . . .      Spirit   .   N - +1 ring mail of the Other World {Str+2}
rPois   .          Reflect  .   Q - +1 hat
rElec   +          Harm     .   H - +0 cloak
rCorr   .          Rampage  +   F - +2 pair of gloves of Joutot {rElec Int+4}
Will    .....                   t - +2 pair of boots {rampage}
Stlth   ++........              E - amulet of Xiury {rF+ Regen+}
HPRegen 1.06/turn               n - ring of flight
MPRegen 0.44/turn               z - +4 ring of slaying

@: flying, studying Fighting
A: molten scales 3, magic regeneration, condensation shield, weakness stinger 2,
horns 1, agile 2, deformed body
a: Renounce Religion, Channel Magic, Forget Spell, Divine Exegesis


You were on level 3 of the Lair of Beasts.
You worshipped Sif Muna.
Sif Muna was greatly pleased with you.
You visited 3 branches of the dungeon, and saw 15 of its levels.
You also visited: Bailey and Volcano.

You collected 744 gold pieces.

Inventory:

Hand Weapons
 o - a +2 dagger of flaming
 q - the +4 spear "Spiderslayer" (weapon) {vamp, rElec rC- Dex+7 SInv}
   (You found it on level 3 of the Dungeon)

   It occasionally heals its wielder for a portion of the damage dealt when it
   wounds a living foe.
   Dex:       It affects your dexterity (+7).
   rC:        It makes you vulnerable to cold.
   rElec:     It insulates you from electricity.
   SInv:      It lets you see invisible.
Armour
 t - a +2 pair of boots of rampaging (worn)
 F - the +2 pair of gloves of Joutot (worn) {rElec Int+4}
   (You acquired it on level 9 of the Dungeon)

   Int:       It affects your intelligence (+4).
   rElec:     It insulates you from electricity.
 G - a +4 chain mail of willpower
 H - a +0 cloak (worn)
 N - the +1 ring mail of the Other World (worn) {Str+2}
   (You took it off an orc on level 10 of the Dungeon)

   Str:       It affects your strength (+2).
 Q - a +1 hat (worn)
Jewellery
 n - a ring of flight (left hand)
 u - an amulet of guardian spirit
 z - a +4 ring of slaying (right hand)
 A - a ring of positive energy
 E - the amulet of Xiury (around neck) {rF+ Regen+}
   (You acquired it on level 1 of the Lair of Beasts)

   [amulet of regeneration]

   rF:        It protects you from fire.
   Regen:     It increases your rate of health regeneration.
 P - an amulet of reflection
Wands
 a - a wand of digging (4)
 B - a wand of paralysis (4)
 D - a wand of charming (8)
 K - a wand of iceblast (2)
Scrolls
 f - 4 scrolls of immolation
 h - 4 scrolls of enchant armour
 j - 4 scrolls of teleportation
 l - 2 scrolls of noise {unknown}
 p - 3 scrolls of fog {unknown}
 s - a scroll of fear
 v - 5 scrolls of identify
 x - 2 scrolls of enchant weapon {unknown}
 y - a scroll of vulnerability {unknown}
 I - a scroll of torment {unknown}
 J - a scroll of summoning {unknown}
 L - 2 scrolls of silence {unknown}
Potions
 b - 2 potions of ambrosia
 c - 4 potions of brilliance
 d - 4 potions of heal wounds
 e - 2 potions of lignification
 g - a potion of flight
 i - a potion of magic
 k - a potion of curing
 m - a potion of attraction
 r - a potion of resistance
 w - 4 potions of haste
 C - a potion of berserk rage
 M - 3 potions of cancellation {unknown}
 O - a potion of degeneration {unknown}


   Skills:
 + Level 8.8 Fighting
 + Level 3.4 Armour
 - Level 1.7 Dodging
 - Level 1.7 Stealth
 + Level 14.4 Spellcasting
 + Level 15.9 Conjurations


You had 28 spell levels left.
You knew the following spells:

 Your Spells              Type           Power      Damage    Failure   Level
a - Magic Dart            Conj           100%       1d8       0%          1
b - Searing Ray           Conj           100%       2d8       0%          2
c - Iskenderun's Mystic   Conj/Tloc      58%        2d12      2%          4
d - Fireball              Conj/Fire      29%        3d13      6%          5

Your spell library contained the following spells:

 Spells                   Type           Power      Damage    Failure   Level
 Foxfire                  Conj/Fire      100%       2x1d9     1%          1
 Conjure Flame            Conj/Fire      58%        6-21      1%          3
 Dazzling Flash           Conj/Hex       100%       N/A       1%          3
 Fulminant Prism          Conj/Hex       29%        3d14      2%          4
 Hailstorm                Conj/Ice       58%        3d13      2%          4
 Blink                    Tloc           38%        N/A       9%          2
 Corpse Rot               Necr/Air       38%        N/A       9%          2
 Poisonous Vapours        Pois/Air       38%        N/A       9%          2
 Gell's Gravitas          Tloc           19%        N/A       17%         3
 Lesser Beckoning         Tloc           19%        N/A       17%         3
 Teleport Other           Tloc           19%        N/A       17%         3
 Starburst                Conj/Fire      29%        6d9       32%         6
 Dispel Undead            Necr           19%        3d11      50%         4
 Ice Form                 Ice/Tmut       19%        N/A       50%         4
 Manifold Assault         Tloc           19%        N/A       85%         5
 Death Channel            Necr           9%         N/A       100%        6
 Eringya's Noxious Bog    Tmut/Pois      9%         N/A       100%        6
 Simulacrum               Ice/Necr       9%         N/A       100%        6
 Ignition                 Fire           9%         3d5       100%        8


Dungeon Overview and Level Annotations

Branches:
Dungeon (11/15)            Temple (1/1) D:6            Lair (3/6) D:9
  Snake (0/4) Lair:2          Orc (0/2) D:10         Bailey (visited)
Volcano (visited)
  Swamp: Lair:2-4    Shoals: Lair:2-4

Altars:
Ashenzari
Cheibriados
Dithmenos
Elyvilon
Fedhas
Gozag
Hepliaklqana
Kikubaaqudgha
Makhleb
Nemelex Xobeh
Okawaru
Qazlal
Ru
Sif Muna
Trog
Uskayaw
Vehumet
Wu Jian
Xom
Yredelemnul
Zin
The Shining One

Shops:
D:7 *   D:8 *   D:11 ([*


Innate Abilities, Weirdness & Mutations

You are completely covered in molten scales. (AC +4, rF+)
You regenerate magic rapidly.
A meltable shield of frost defends you. (SH +4)
You have a tail ending in a sharp stinger.
You have a pair of small horns on your head.
You are very agile. (Dex +4)
Armour fits poorly on your strangely shaped body.


Message History

You kill the blink frog!
Sif Muna accepts your kill.
Unknown command.
Casting: Iskenderun's Mystic Blast (dangerous; 2% risk of failure)
Confirm with . or Enter, or press ? or * to list all spells.
Aiming: Fireball (dangerous; 6% risk of failure)
Press: ? - help, Shift-Dir - straight line, f - cane toad
Aim: a cane toad The fireball explodes!
The fireball engulfs the cane toad!!
The cane toad is heavily wounded.
The fireball engulfs the komodo dragon!
The komodo dragon is almost dead.
The fireball engulfs the death yak!!
The death yak is almost dead.
The fireball engulfs the blink frog!!
You kill the blink frog!
Sif Muna accepts your kill.
The blink frog blinks!
Unknown command.
Unknown command.
Unknown command.
You hit the cane toad.
The cane toad is severely wounded.
The cane toad closely misses you.
The blink frog hits you but does no damage.
Unknown command.
Unknown command.
You hit the blink frog.
You kill the blink frog!
Sif Muna accepts your kill.
The death yak is engulfed in a cloud of scalding steam.
The death yak gores you!
* * * LOW HITPOINT WARNING * * *
Unknown command.
The death yak is engulfed in a cloud of scalding steam.
The komodo dragon bites you!!
* * * LOW HITPOINT WARNING * * *
Found 15 gold pieces.
The komodo dragon bites you!
You die...

.#.##...............
#####...)...............
# ######.#............ #
###............ #
#............$ #
#######............
######..#.##............
..............÷.........
.≈≈≈..##....≈≈≈≈@≈......
.≈≈÷...≈....≈≈♣♣l≈......
.≈≈≈....≈...≈≈♣♣≈≈......
.≈≈≈........≈Y≈YF≈......
.........F....(.........
...#.........†..........
........................
........................
......>.................


You could see a death yak, a komodo dragon and a cane toad.

Vanquished Creatures
  An orc warlord (Bailey)
  A stone giant (Volcano)
  A hydra (Lair:3)
  2 death yaks (Lair:3)
  5 two-headed ogres
  Urug (D:10)
  A deep elf pyromancer (D:11)
  2 orc knights (Bailey)
  A manticore (D:11)
  3 black mambas
  6 centaur zombies
  A torpor snail (Lair:3)
  6 orange demons (D:10)
  4 cane toads
  An unseen horror (D:10)
  2 efreet
  A freezing wraith (D:10)
  2 kobold demonologists (D:11)
  A komodo dragon (Lair:2)
  2 red devils (D:10)
  A meliai (D:10)
  5 polar bears (Lair:1)
  A hornet (D:9)
  8 blink frogs
  A meliai zombie (D:10)
  A vampire (D:10)
  40 yaks
  4 wyverns
  Grum (D:10)
  2 fire elementals (Volcano)
  A vampire mosquito (D:11)
  2 acid dragons (D:11)
  A naga (Lair:2)
  8 water moccasins
  12 black bears
  A sky beast (D:6)
  10 orc warriors
  3 ogres
  2 ice beasts
  10 wolves
  4 centaurs
  5 kobold brigands
  2 phantoms
  7 bullfrogs
  A wyvern zombie (D:7)
  4 scorpions
  2 earth elementals (Volcano)
  A water moccasin skeleton (D:6)
  8 killer bees
  4 wights (D:10)
  An electric eel (Lair:3)
  4 howler monkeys
  A jelly (D:7)
  4 hounds
  3 orc priests
  Jessica (D:2)
  6 orc wizards
  3 killer bee zombies
  A hound skeleton (D:4)
  8 gnolls (Bailey)
  2 howler monkey skeletons (D:5)
  A howler monkey zombie (D:8)
  7 adders
  2 white imps
  An ufetubus (D:5)
  An adder skeleton (D:5)
  2 worms (D:3)
  4 dart slugs
  41 orcs
  4 ball pythons
  10 endoplasms
  A giant cockroach (D:4)
  16 goblins
  28 hobgoblins
  4 quokkas
  6 bats
  A frilled lizard (D:1)
  23 kobolds
  9 rats
391 creatures vanquished.

Vanquished Creatures (others)
  A bush (Lair:1)
  2 fungi
  11 plants
14 creatures vanquished.

Grand Total: 405 creatures vanquished

Notes
Turn   | Place    | Note
-------+----------+-------------------------------------------
     0 | D:1      | McKennaii the Demonspawn Conjurer began the quest for the
                  | Orb.
     0 | D:1      | Reached XP level 1. HP: 13/13 MP: 3/3
   313 | D:1      | Gained mutation: You are partially covered in molten
                  | scales. (AC +2) [demonic ancestry]
   313 | D:1      | Reached XP level 2. HP: 19/19 MP: 3/5
  1337 | D:2      | Reached XP level 3. HP: 11/24 MP: 1/7
  1832 | D:2      | Found a faded altar of an unknown god.
  2160 | D:2      | Noticed Jessica
  2162 | D:2      | Killed Jessica
  2163 | D:2      | Gained mutation: You have a small tail. [demonic ancestry]
  2163 | D:2      | Reached XP level 4. HP: 30/30 MP: 5/8
  2265 | D:3      | Reached skill level 5 in Conjurations
  2672 | D:3      | Learned a level 2 spell: Searing Ray
  2861 | D:3      | Noticed a phantom
  2923 | D:2      | Killed a phantom
  2924 | D:2      | Reached XP level 5. HP: 32/35 MP: 0/10
  3501 | D:3      | Identified the +4 spear "Spiderslayer" {vamp, rElec rC-
                  | Dex+7 SInv}
  3879 | D:4      | Noticed a phantom
  3887 | D:4      | Killed a phantom
  3888 | D:4      | Reached skill level 6 in Conjurations
  3888 | D:4      | Reached XP level 6. HP: 41/41 MP: 3/12
  4552 | D:4      | Found a broken altar of Ashenzari.
  4807 | D:5      | Entered Level 5 of the Dungeon
  5238 | D:5      | Reached skill level 5 in Spellcasting
  5446 | D:5      | Reached XP level 7. HP: 35/46 MP: 5/14
  5739 | D:5      | Reached skill level 7 in Conjurations
  6196 | D:6      | Learned a level 4 spell: Iskenderun's Mystic Blast
  6318 | D:6      | Found a staircase to the Ecumenical Temple.
  6337 | Temple   | Entered the Ecumenical Temple
  6768 | Temple   | Became a worshipper of Sif Muna the Loreminder
  7046 | D:6      | Gained mutation: You are mostly covered in molten scales.
                  | (AC +3) [demonic ancestry]
  7046 | D:6      | Reached XP level 8. HP: 48/52 MP: 6/17
  7334 | D:6      | Reached skill level 8 in Conjurations
  7805 | D:7      | Reached skill level 9 in Conjurations
  8306 | D:7      | Gained mutation: You have a tail ending in a sharp stinger.
                  | [demonic ancestry]
  8306 | D:7      | Reached XP level 9. HP: 57/57 MP: 15/20
  8343 | D:7      | Found Ysyfasig's Elemental Accessories.
  9613 | D:8      | Found a flagged portal.
  9622 | Bailey   | Entered a bailey
  9650 | Bailey   | Reached * piety under Sif Muna
  9728 | Bailey   | Reached skill level 10 in Conjurations
  9867 | Bailey   | Noticed an orc knight
  9926 | Bailey   | Killed an orc knight
 10365 | Bailey   | Reached ** piety under Sif Muna
 10377 | Bailey   | Noticed an orc knight
 10722 | Bailey   | Killed an orc knight
 10723 | Bailey   | Reached skill level 11 in Conjurations
 10723 | Bailey   | Reached XP level 10. HP: 63/63 MP: 7/23
 10994 | Bailey   | Noticed an orc warlord
 11027 | Bailey   | Killed an orc warlord
 11028 | Bailey   | Reached skill level 10 in Spellcasting
 11780 | D:8      | Found Kidgheeq's General Store.
 12258 | D:9      | Acquired the +2 pair of gloves of Joutot {rElec Int+4}
 12451 | D:9      | Reached skill level 12 in Conjurations
 12964 | D:9      | Reached *** piety under Sif Muna
 13254 | D:9      | Found a staircase to the Lair.
 13620 | D:9      | Noticed a two-headed ogre
 13628 | D:9      | Killed a two-headed ogre
 13629 | D:9      | Gained mutation: You regenerate magic rapidly. [demonic
                  | ancestry]
 13629 | D:9      | Reached XP level 11. HP: 68/68 MP: 13/26
 14227 | D:10     | Entered Level 10 of the Dungeon
 14227 | D:10     | Found a staircase to the Orcish Mines.
 14260 | D:10     | Noticed Urug
 14277 | D:10     | Killed Urug
 14627 | D:10     | Noticed Grum
 14639 | D:10     | Killed Grum
 14644 | D:10     | Reached skill level 13 in Conjurations
 16109 | D:10     | Reached skill level 14 in Conjurations
 16401 | D:10     | Reached **** piety under Sif Muna
 16575 | D:10     | Identified the +1 ring mail of the Other World {Str+2}
 16780 | D:11     | Found Jynaomaz's General Store.
 16781 | D:11     | Found Fuifach's Antique Weapon Emporium.
 16785 | D:11     | Found Selycuuq's Antique Armour Emporium.
 16790 | D:11     | Noticed a two-headed ogre
 17068 | D:11     | Killed a two-headed ogre
 17397 | D:11     | Noticed a two-headed ogre
 17399 | D:11     | HP: 2/68 [two-headed ogre/+0 giant club (5)]
 17412 | D:10     | Killed a two-headed ogre
 17413 | D:10     | Gained mutation: You are completely covered in molten
                  | scales. (AC +4, rF+) [demonic ancestry]
 17413 | D:10     | Reached XP level 12. HP: 6/74 MP: 5/28
 17731 | D:11     | Gained mutation: You tend to lose your temper in combat. [a
                  | neqoxec]
 18638 | D:11     | Noticed a boulder beetle
 18874 | D:11     | Noticed a two-headed ogre
 18878 | D:11     | Killed a two-headed ogre
 18879 | D:11     | Reached skill level 1 in Fighting
 18881 | D:11     | Noticed a two-headed ogre
 18884 | D:11     | Identified the +8 dagger "Bippoell" {speed, Dex+3}
 18886 | D:11     | Killed a two-headed ogre
 19240 | D:10     | Reached skill level 15 in Conjurations
 19260 | D:11     | Noticed a tengu warrior
 19307 | Lair:1   | Entered Level 1 of the Lair of Beasts
 19311 | Lair:1   | Lost mutation: You tend to lose your temper in combat.
                  | [potion of mutation]
 19311 | Lair:1   | Gained mutation: You are agile. (Dex +2) [potion of
                  | mutation]
 19311 | Lair:1   | Gained mutation: You have a pair of small horns on your
                  | head. [potion of mutation]
 19311 | Lair:1   | Gained mutation: Armour fits poorly on your strangely
                  | shaped body. [potion of mutation]
 19311 | Lair:1   | Gained mutation: You are very agile. (Dex +4) [potion of
                  | mutation]
 20267 | Lair:1   | Reached skill level 5 in Fighting
 20378 | Lair:1   | Acquired the amulet of Xiury {rF+ Regen+}
 20947 | Lair:2   | Reached ***** piety under Sif Muna
 20957 | Lair:1   | Received a gift from Sif Muna
 20958 | Lair:1   | Got Sif Muna's Almanac of the Vitriolic Blaze {god gift}
 20965 | Lair:1   | Learned a level 5 spell: Fireball
 21147 | Lair:2   | Reached skill level 1 in Armour
 21196 | Lair:2   | Gained mutation: A meltable shield of frost defends you.
                  | (SH +4) [demonic ancestry]
 21196 | Lair:2   | Reached XP level 13. HP: 90/96 MP: 14/31
 21231 | Lair:2   | Found a staircase to the Snake Pit.
 21283 | Lair:2   | Found a dark tunnel.
 21292 | Volcano  | Entered a volcano
 21445 | Volcano  | Noticed a stone giant
 21463 | Volcano  | Killed a stone giant
 21803 | Lair:2   | Identified the +7 hunting sling "Xariona" {freeze, rF- rC+
                  | Will+ SInv}
 22464 | Lair:3   | Found a snail-covered altar of Cheibriados.
 22562 | Lair:3   | Mangled by a komodo dragon

Illustrated notes

Levels and vault maps discovered:
D:1:      dpeg_arrival_ratfight, layout_loops_corners, due_unseen_surprise
D:2:      layout_loops_ring, hellmonk_ecumenical_altar_crossroads, uniq_jessica
D:3:      layout_loops_cross
D:4:      layout_basic, nicolae_ashenzari_skybound, minmay_door_square
D:5:      layout_basic
D:6:      layout_loops_cross, minmay_temple_entry_glass
D:7:      layout_basic, nicolae_elemental_shop
D:8:      layout_rooms, serial_shops, nicolae_square_shop, enter_bailey_8
D:9:      layout_stronghold, lair_entry_dummy
D:10:     layout_cave_pods, orc_0_dummy, minmay_beelzebubs_servants, uniq_urug,
          uniq_grum
D:11:     minmay_the_grid_square_5x5_5x5 [minmay_the_grid_square_5x5_inner_z,
          minmay_the_grid_square_5x5_shrine2,
          minmay_the_grid_square_5x5_n_small, minmay_the_grid_square_5x5_corner,
          minmay_the_grid_square_5x5_eight_small,
          minmay_the_grid_square_5x5_plus,
          minmay_the_grid_square_5x5_prize_rear_guard,
          minmay_the_grid_square_5x5_three_small,
          minmay_the_grid_square_5x5_prize_waves,
          minmay_the_grid_square_5x5_minibox, minmay_the_grid_square_5x5_bite,
          minmay_the_grid_square_5x5_spiral,
          minmay_the_grid_square_5x5_prize_pseudospiral,
          minmay_the_grid_square_5x5_gyroscope,
          minmay_the_grid_square_5x5_inverted_slash,
          minmay_the_grid_square_5x5_moneybag,
          minmay_the_grid_square_5x5_prize_open,
          minmay_the_grid_square_5x5_bridge,
          minmay_the_grid_square_5x5_prize_open,
          minmay_the_grid_square_5x5_shrine1,
          minmay_the_grid_square_5x5_broken_cross,
          minmay_the_grid_square_5x5_bracketed,
          minmay_the_grid_square_5x5_beaten_path,
          minmay_the_grid_square_5x5_two_walls_b,
          minmay_the_grid_square_5x5_shuriken], layout_cave_pools,
          mrwooster_statue_mirror, minmay_shop_grid_forest,
          kennysheep_island_fort
Temple:   mainiacjoe_temple_trianglar_array
Lair:1:   beast_lair_carwin_large_4, layout_cellular_growth, grunt_megastairs_2,
          lemuel_fruit_tree
Lair:2:   layout_regular_city, guppyfry_snake_entry_garden,
          lightli_volcano_entry_magma_tube, grunt_megastairs_3
Lair:3:   layout_gridlike, kennysheep_snail_temple

Skill      XL: |  1  2  3  4  5  6  7  8  9 10 11 12 13 |
---------------+----------------------------------------+-----
Spellcasting   | 3 4 5 6 7 9 11 12 14 | 14.4
Conjurations   | 5 6 7 9 11 12 14 15 | 15.9
Fighting       | 7 8 |  8.8
Armour         | 1 3 |  3.4
Dodging        | |  1.7
Stealth        | |  1.7

Action                   |  1- 3 |  4- 6 |  7- 9 | 10-12 | 13-15 || total
-------------------------+-------+-------+-------+-------+-------++-------
Melee: Unarmed           |    16 |     9 |       |       |       ||    25
       Spear             |       |    14 |   110 |   157 |    73 ||   354
       Tailslap          |       |     2 |    16 |    29 |    13 ||    60
       Punch             |       |       |     2 |     3 |       ||     5
       Headbutt          |       |       |       |    20 |    17 ||    37
 Cast: Magic Dart        |    68 |   137 |   191 |   346 |    33 ||   775
       Searing Ray       |       |     4 |    29 |    32 |     3 ||    68
       Iskenderun's Myst |       |       |    14 |   186 |    35 ||   235
       Fireball          |       |       |       |     4 |     9 ||    13
Evoke: Wand              |       |       |    16 |    16 |     1 ||    33
  Use: Scroll            |       |       |    11 |     6 |       ||    17
       Potion            |       |       |     2 |     7 |       ||     9
 Stab: Sleeping          |       |       |     1 |       |       ||     1
Armor: Robe              |     3 |    21 |    91 |    80 |       ||   195
       Ring mail         |       |       |       |    94 |    40 ||   134
Dodge: Dodged            |    12 |    46 |   133 |   220 |    46 ||   457
Block: Other             |       |       |       |       |    25 ||    25
